 Dungeon Crawl Stone Soup version 0.30.1 (webtiles) character file.

Game seed: 8042818782712510950

32 Teddy the Firebug (level 3, -2/27 HPs)
             Began as a Hill Orc Fire Elementalist on July 7, 2023.
             Slain by an orc
             ... wielding a +0 dagger
              (4 damage)
             ... on level 3 of the Dungeon.
             The game lasted 00:04:51 (766 turns).

Teddy the Firebug (Hill Orc Fire Elementalist)       Turns: 766, Time: 00:04:51

Health: -2/27      AC:  2    Str: 10    XL:     3   Next: 25%
Magic:  0/5        EV: 12    Int: 17    God:
Gold:   69         SH:  0    Dex: 11    Spells: 2/5 levels left

rFire   . . .        d - +0 dagger (freeze)
rCold   . . .        (no shield)
rNeg    . . .        a - +0 robe
rPois   .            (no helmet)
rElec   .            (no cloak)
rCorr   .            (no gloves)
SInv    .            (no boots)
Will    .....        (no amulet)
Stlth   ++           (no ring)
HPRegen 0.24/turn    (no ring)
MPRegen 0.09/turn

%: no passive effects
@: no status effects
A: no striking features
a: no special abilities


You were on level 3 of the Dungeon.
You visited 1 branch of the dungeon, and saw 3 of its levels.

You collected 69 gold pieces.

Inventory:

Hand Weapons
 d - a +0 dagger of freezing (weapon)
Armour
 a - a +0 robe (worn)
Scrolls
 l - a scroll of fear {unknown}
Potions
 b - a potion of magic
 g - a potion of curing {unknown}
 k - a potion of lignification {unknown}
 m - a potion of invisibility {unknown}


   Skills:
 * Level 0.6 Fighting
 * Level 0.2 Short Blades
 * Level 0.3 Armour
 * Level 1.7 Dodging
 * Level 1.8 Stealth
 * Level 1.8 Spellcasting
 * Level 1.2 Conjurations
 * Level 3.8 Fire Magic


You had 2 spell levels left.
You knew the following spells:

 Your Spells              Type           Power      Damage    Failure   Level
a - Foxfire               Conj/Fire      40%        2x1d6     7%          1
b - Scorch                Fire           28%        2d6       6%          2

Your spell library contained the following spells:

 Spells                   Type           Power      Damage    Failure   Level
 Inner Flame              Hex/Fire       8%         N/A       26%         3
 Volatile Blastmotes      Fire/Tloc      16%        2d11      26%         3
 Flame Wave               Conj/Fire      10%        2d6       56%         4


Dungeon Overview and Level Annotations

Branches:
Dungeon (3/15)

Altars:


Message History

The orc hits your butterfly with a +0 club.
Your butterfly dies!
Your butterfly disappears in a burst of colours!
The orc hits your butterfly with a +0 dagger.
Your butterfly dies!
Your butterfly disappears in a burst of colours!
The orc hits your butterfly with a +0 falchion.
Your butterfly dies!
Your butterfly disappears in a burst of colours!
You swap places.
A hobgoblin comes into view.
You swap places.
Something barely misses your butterfly.
You swap places.
A frilled lizard comes into view.
The frilled lizard hisses angrily.
The hobgoblin misses your butterfly.
You swap places.
You hit the hobgoblin but do no damage.
The frilled lizard closely misses your butterfly.
The orc barely misses your butterfly. The hobgoblin closely misses you.
You hit the hobgoblin but do no damage. The hobgoblin hits you.
* * * LOW HITPOINT WARNING * * *
Casting: Scorch (safe; 6% risk of failure)
Press: ? - help, Q - select action, (/) - cycle Dir - look around, f - activate Flames lash the frilled lizard.
You kill the frilled lizard!
The orc misses your butterfly. The hobgoblin barely misses you.
Unknown command.
The orc attacks as you move away! The orc closely misses you.
The hobgoblin closely misses you. The orc attacks as you move away!
The orc closely misses you.
The orc hits your butterfly with a +0 club.
Your butterfly dies!
Your butterfly disappears in a burst of colours!
The orc hits you with a +0 dagger.
* * * LOW HITPOINT WARNING * * *
The hobgoblin closely misses you.
You see here a wand of mindburst (18).
The orc attacks as you move away! The orc hits you with a +0 dagger.
You die...

#...b......##.....o.####
.#...b.>b...##...o!..#
.....b.b.b..#####.####
....b..bb.......#b###
....b?bbbbboo......b###
.....bbbbbo[#####..b..###
.....b..o...# ##.b....#
..###..goo.# #.##....
.#...#b@#########.....<#
#.⌠.#.............#....
#.. #..#####...........
≈~## ~..# ............
≈≈≈ ~...# ............ ≈
≈~..## >...........
###~.# .........).. .#.
............ ............


You could see 6 orcs and a hobgoblin.

Vanquished Creatures
  A gnoll (D:1)
  An orc (D:3)
  3 endoplasms (D:1)
  2 giant cockroaches
  3 hobgoblins
  2 quokkas (D:1)
  A ball python (D:1)
  2 bats (D:1)
  A frilled lizard (D:3)
  3 kobolds (D:1)
19 creatures vanquished.

Vanquished Creatures (others)
  21 foxfires (D:1)
21 creatures vanquished.

Grand Total: 40 creatures vanquished

Notes
Turn   | Place    | Note
-------+----------+-------------------------------------------
     0 | D:1      | Teddy the Hill Orc Fire Elementalist began the quest for
                  | the Orb.
     0 | D:1      | Reached XP level 1. HP: 14/14 MP: 3/3
   265 | D:1      | Reached XP level 2. HP: 11/20 MP: 0/4
   276 | D:1      | Learned a level 2 spell: Scorch
   434 | D:1      | Reached XP level 3. HP: 6/26 MP: 0/5
   766 | D:3      | Slain by an orc

Illustrated notes

Levels and vault maps discovered:
D:1:      lightli_arrival_flooded_house, layout_loops_cross,
          nrook_mini_backslash, minmay_misc_feat_four_crosses,
          palyth_stone_intersect, chequers_serial_rivers_small_3,
          chequers_jeans, minmay_misc_feat_doors
D:2:      minmay_roachtagon, layout_basic
D:3:      layout_rooms, mainiacjoe_overflow_boulevard, fountainhead,
          uniq_grinder

Action                     || total
---------------------------++-------
  Melee: Dagger            ||    35
   Cast: Foxfire           ||    13
         Scorch            ||    12
    Use: Potion            ||     2
         Scroll            ||     5
 Armour: Robe              ||    13
  Dodge: Dodged            ||    62
